Map: Thunderbird LE

Players

firulais - Winner!

  • Race: Zerg Zerg
  • League: Gold
  • Spawn Location: 5:00

Woah

  • Race: Terran Terran
  • League: Diamond
  • Spawn Location: 11:00

VOD

Have the link to the VOD?

Description

Time

  • Played on: June 14, 2019, 7:17 p.m.
  • Length: 9:04
Show
View Real Time Build Order
Export as new Build Order

firulais Zerg - Winner!

Build Orders: Hatch First 

Get SALT Encoding   

  12  0:01  Drone  
  13  0:14  Overlord  
  13  0:20  Drone  
  14  0:33  Drone  
  14  0:34  Drone  
  16  0:37  Drone  
  17  0:55  Hatchery  
  17  0:56  Drone  
  17  1:07  Drone  
  18  1:14  Extractor  
  18  1:17  Spawning Pool  
  16  1:20  Drone  
  16  1:23  Drone  
  18  1:30  Drone  
  19  1:51  Overlord  
  19  2:14  Spine Crawler  
  19  2:15  Queen x2  
  22  2:17  Zergling x8  
  22  2:20  Metabolic Boost  
  26  2:33  Roach Warren  
  25  2:44  Drone  
  25  2:45  Drone x2  
  28  2:54  Zergling x6  
  31  3:16  Drone  
  31  3:17  Extractor  
  31  3:18  Overlord  
  31  3:36  Queen  
  32  3:41  Zergling x4  
  32  3:42  Zergling x2  
  34  3:57  Roach  
  34  3:58  Roach  
  38  4:13  Lair  
  38  4:22  Hatchery  
  37  4:30  Drone  
  38  4:33  Overlord x2  
  38  4:53  Drone x3  
  41  5:00  Roach  
  43  5:10  Spore Crawler, Drone  
  43  5:15  Nydus Network  
  42  5:28  Roach x2  
  46  5:29  Glial Reconstitution  
  46  5:37  Queen  
  46  5:40  Drone  
  49  5:45  Roach  
  49  5:47  Ravager  
  53  5:50  Ravager  
  53  6:01  Roach x2  
  57  6:06  Nydus Canal  
  57  6:10  Roach  
  59  6:16  Overlord  
  58  6:33  Roach  
  44  7:03  Roach x2  
  44  7:04  Roach  
  44  7:21  Roach x3  
  45  7:45  Ravager x5  
  45  7:47  Zergling x4  
  52  8:20  Zergling x4  
  53  8:31  Evolution Chamber  
  53  8:33  Evolution Chamber  
  51  8:36  Hatchery  
  51  8:40  Spire  
  48  8:45  Zergling x2  
  48  8:46  Zergling x4  
Show
View Real Time Build Order
Export as new Build Order

Woah Terran 

Build Orders:  

Get SALT Encoding   

  12  0:01  SCV  
  13  0:13  SCV  
  14  0:19  Supply Depot  
  14  0:25  SCV  
  15  0:43  Barracks  
  15  0:45  SCV  
  16  0:56  Barracks  
  16  0:59  SCV  
  17  1:07  Refinery  
  17  1:11  SCV  
  18  1:24  SCV  
  19  1:32  Marine  
  20  1:43  Marine  
  20  1:44  Bunker  
  21  1:50  Orbital Command  
  21  1:54  Marine  
  22  2:01  Marine  
  23  2:27  Factory  
  23  2:29  Supply Depot  
  23  2:54  Barracks  
  23  2:56  SCV  
  24  3:03  Command Center  
  24  3:32  Starport  
  26  3:41  Factory Tech Lab  
  20  4:01  Marine x2  
  22  4:03  Siege Tank, Marine  
  25  4:19  Marine  
  26  4:33  Refinery  
  26  4:41  Supply Depot  
  26  4:47  Medivac, Marine  
  26  4:48  Marine  
  31  4:53  SCV  
  31  5:06  Orbital Command  
  31  5:07  Barracks Tech Lab  
  31  5:14  SCV  
  32  5:30  Command Center  
  32  5:32  Barracks Reactor  
  32  5:50  Viking  
  32  5:52  SCV  
  32  5:55  SCV  
  36  5:58  Marine  
  36  6:01  Marine  
  38  6:16  Marine  
  38  6:17  SCV x2  
  41  6:27  Marine x2  
  35  6:42  Marine  
  35  6:43  Marine  
  35  6:45  Marine x2  
  25  6:54  Siege Tank  
  21  7:03  SCV x2  
  16  7:15  SCV  
  11  7:23  Marine x2  
  13  7:35  SCV  
  11  7:41  SCV  
  10  7:53  Marine x2  
  10  7:55  Marine  
  6  8:13  Orbital Command  
Tags
 
Matchup
TvZ
Replay Pack
r1
Spawn Locations
Cross Positions
Add a new tag
Caveats
  • Supply blocks, unpowered buildings, or Contaminate may cause inaccurate times.
  • Supply counts are checked every 10 seconds.